 Dungeon Crawl Stone Soup version 0.30-a0-1176-gcdfb0321a8 (webtiles) character file.

Game seed: 17007264646758222765

120898 Conn the Thaumaturge (level 16, -3/83 HPs)
             Began as an Octopode Fire Elementalist on Apr 30, 2023.
             Was a High Priest of Sif Muna.
             Slain by a spriggan rider
             ... wielding a +0 trident of distortion
              (22 damage)
             ... on level 1 of the Swamp.
             The game lasted 02:06:13 (34552 turns).

Conn the Thaumaturge (Octopode Fire Elementalist)  Turns: 34552, Time: 02:06:22

Health: -3/83      AC:  1    Str:  8    XL:     16   Next: 83%
Magic:  0/43       EV: 15    Int: 45    God:    Sif Muna [*****.]
Gold:   2274       SH: 23    Dex: 15    Spells: 2/44 levels left

rFire   + + +        Y - staff of poison "Ylecaa" {rPois Str+2 Int+2 Dex+3}
rCold   + + .        B - +7 tower shield {rC+ rF+}
rNeg    . . .        (helmet restricted)
rPois   +            y - amulet of guardian spirit
rElec   +            b - ring of willpower
rCorr   .            l - ring of protection from fire
SInv    .            K - +5 ring of evasion
Will    ++...        S - +6 ring of intelligence
Stlth   ++++         X - +6 ring of intelligence
HPRegen 0.00/turn    m - ring of protection from cold
MPRegen 0.28/turn    o - ring "Wadaxzet" {rElec rF+ MP+9}
                     P - ring of wizardry

%: guardian spirit, wizardry (x1)
@: inhibited regen, studying Polearms
A: almost no armour, amphibious, 8 rings, camouflage 1, gelatinous body 1,
(nimble swimmer 1), tentacles, clever 2, frail 1, inhibited regeneration
a: Renounce Religion, Channel Magic, Forget Spell, Divine Exegesis


You were on level 1 of the Swamp.
You worshipped Sif Muna.
Sif Muna was extremely pleased with you.
You visited 5 branches of the dungeon, and saw 24 of its levels.
You also visited: Sewer and Ossuary.

You collected 2574 gold pieces.
You spent 300 gold pieces at shops.

Inventory:

Hand Weapons
 p - a +0 dagger
 s - a +9 flail of protection
 v - a +2 vampiric whip
 F - the +5 short sword of Roishag {venom, rPois Str+3 Dex+3}
   (You found it on level 2 of the Lair of Beasts)

   Str:       It affects your strength (+3).
   Dex:       It affects your dexterity (+3).
   rPois:     It protects you from poison.
Armour
 B - a +7 tower shield of resistance (worn)
Magical Staves
 T - a staff of air
 Y - the staff of poison "Ylecaa" (weapon) {rPois Str+2 Int+2 Dex+3}
   (You found it on level 15 of the Dungeon)

   [staff of poison]

   Base accuracy: +5 Base damage: 5 Base attack delay: 1.2 This weapon's minimum
   attack delay (0.6) is reached at skill level 12.
   Str:       It affects your strength (+2).
   Int:       It affects your intelligence (+2).
   Dex:       It affects your dexterity (+3).
   rPois:     It protects you from poison.
   It falls into the 'Staves' category.
   It is a one-tentacled weapon.
Jewellery
 b - a ring of willpower (left tentacle)
 i - an amulet of faith
 l - a ring of protection from fire (right tentacle)
 m - a ring of protection from cold (on tentacle)
 o - the ring "Wadaxzet" (on tentacle) {rElec rF+ MP+9}
   (You acquired it on level 1 of the Lair of Beasts)

   [ring of magical power]

   rF:        It protects you from fire.
   rElec:     It insulates you from electricity.
   MP:        It affects your magic capacity (+9).
 y - an amulet of guardian spirit (around mantle)
 I - a +6 ring of strength
 K - a +5 ring of evasion (on tentacle)
 L - a ring of wizardry
 P - a ring of wizardry (on tentacle)
 S - a +6 ring of intelligence (on tentacle)
 V - a ring of flight
 X - a +6 ring of intelligence (on tentacle)
Wands
 n - a wand of roots (34)
 w - a wand of acid (12)
 A - a wand of flame (16)
 H - a wand of mindburst (19)
 O - a wand of paralysis (4)
 U - a wand of polymorph (5)
Scrolls
 d - 7 scrolls of immolation
 e - 4 scrolls of magic mapping
 g - 3 scrolls of fear
 h - 2 scrolls of fog
 k - 2 scrolls of poison
 u - 6 scrolls of torment
 x - 6 scrolls of teleportation
 C - a scroll of butterflies
 Q - 2 scrolls of enchant weapon
 W - 3 scrolls of amnesia
 Z - 2 scrolls of identify
Potions
 a - a potion of magic
 c - 3 potions of brilliance
 f - 2 potions of resistance
 j - 5 potions of mutation
 q - a potion of cancellation
 r - 3 potions of invisibility
 t - 5 potions of might
 z - a potion of attraction
 D - a potion of degeneration
 E - 2 potions of haste
 G - 10 potions of curing
 J - 6 potions of heal wounds
 M - 4 potions of ambrosia
 N - a potion of berserk rage
 R - 3 potions of flight


   Skills:
 + Level 3.2 Fighting
 + Level 2.0 Short Blades
 + Level 2.8(2.9) Maces & Flails
 + Level 0.3(1.7) Staves
 + Level 0.8 Throwing
 + Level 4.9 Dodging
 + Level 6.0 Stealth
 + Level 9.8 Shields
 + Level 0.2 Unarmed Combat
 + Level 14.9 Spellcasting
 + Level 10.0 Conjurations
 + Level 2.2 Hexes
 + Level 9.5 Summonings
 + Level 4.7 Translocations
 + Level 12.3 Fire Magic
 * Level 5.2 Ice Magic
 + Level 4.2 Air Magic
 - Level 4.4 Poison Magic
 + Level 10.1 Invocations
 + Level 0.3 Evocations


You had 2 spell levels left.
You knew the following spells:

 Your Spells              Type           Power      Damage    Failure   Level
a - Foxfire               Conj/Fire      100%       2x1d9     1%          1
b - Scorch                Fire           100%       2d9       1%          2
c - Inner Flame           Hex/Fire       78%        N/A       1%          3
d - Flame Wave            Conj/Fire      94%        2d20      1%          4
e - Mephitic Cloud        Conj/Pois/Air  94%        N/A       1%          3
f - Summon Hydra          Summ           44%        N/A       61%         7
g - Fireball              Conj/Fire      47%        3d19      1%          5
h - Iskenderun's Mystic   Conj/Tloc      79%        2d16      2%          4
i - Summon Forest         Summ/Tloc      39%        N/A       8%          5
j - Freezing Cloud        Conj/Ice/Air   37%        6-21      10%         5
k - Hailstorm             Conj/Ice       80%        3d16      1%          3

Your spell library contained the following spells:

 Spells                   Type           Power      Damage    Failure   Level
 Freeze                   Ice            100%       1d10      1%          1
 Shock                    Conj/Air       100%       1d9       1%          1
 Call Imp                 Summ           100%       N/A       1%          2
 Ensorcelled Hibernation  Hex/Ice        100%       N/A       1%          2
 Lesser Beckoning         Tloc           100%       N/A       1%          2
 Poisonous Vapours        Pois/Air       100%       N/A       1%          2
 Static Discharge         Conj/Air       100%       2-7/arc   1%          2
 Sting                    Tmut/Pois      100%       1d8       2%          1
 Cigotuvi's Dreadful Rot  Necr/Pois/Air  100%       N/A       2%          2
 Beastly Appendage        Tmut           66%        N/A       5%          1
 Sublimation of Blood     Necr           33%        N/A       9%          2
 Wereblood                Tmut           33%        N/A       9%          2
 Frozen Ramparts          Ice            100%       1d16      1%          3
 Volatile Blastmotes      Fire/Tloc      100%       2d18      1%          3
 Gell's Gravitas          Tloc           66%        N/A       2%          3
 Teleport Other           Tloc           66%        N/A       2%          3
 Summon Ice Beast         Ice/Summ       79%        N/A       2%          4
 Portal Projectile        Hex/Tloc       100%       N/A       3%          3
 Summon Lightning Spire   Summ/Air       77%        N/A       3%          4
 Spider Form              Tmut/Pois      69%        N/A       6%          3
 Tukima's Dance           Hex            52%        N/A       6%          3
 Passage of Golubria      Tloc           66%        N/A       8%          4
 Arcjolt                  Conj/Air       39%        1d49      8%          5
 Olgreb's Toxic Radiance  Pois           83%        N/A       9%          4
 Summon Mana Viper        Hex/Summ       72%        N/A       13%         5
 Summon Cactus Giant      Summ           44%        N/A       16%         6
 Plasma Beam              Fire/Air       41%        2x1d60    26%         6
 Anguish                  Hex/Necr       21%        N/A       32%         4
 Dispel Undead            Necr           33%        3d14      45%         4
 Monstrous Menagerie      Summ           44%        N/A       61%         7
 Yara's Violent Unravell  Hex/Tmut       21%        3d10      63%         5
 Iron Shot                Conj/Erth      34%        9d7       65%         6
 Blade Hands              Tmut           16%        N/A       78%         5
 Death Channel            Necr           16%        N/A       100%        6
 Enfeeble                 Hex            26%        N/A       100%        7
 Storm Form               Tmut/Air       26%        N/A       100%        7
 Disjunction              Tloc           33%        N/A       100%        8
 Infestation              Necr           16%        N/A       100%        8
 Maxwell's Capacitive Co  Air            32%        ∞         100%        8
 Necromutation            Tmut/Necr      16%        N/A       100%        8
 Animate Armour           Summ/Erth      Unusable   N/A       N/A         4

Dungeon Overview and Level Annotations

Branches:
Dungeon (15/15)            Temple (1/1) D:6            Lair (5/5) D:8
  Swamp (1/4) Lair:3        Snake (0/4) Lair:3        Slime (0/5) Lair:4
    Orc (2/2) D:12            Elf (0/3) Orc:2        Vaults (0/5) D:14
  Sewer (visited)         Ossuary (visited)
 Depths: D:15

Altars:
Ashenzari
Cheibriados
Dithmenos
Elyvilon
Fedhas
Gozag
Hepliaklqana
Kikubaaqudgha
Makhleb
Nemelex Xobeh
Okawaru
Qazlal
Ru
Sif Muna
Trog
Uskayaw
Vehumet
Wu Jian
Xom
Yredelemnul
Zin
The Shining One
Jiyva
Lugonu

Shops:
D:5 [   D:13 (   D:14 *   Orc:1 :   Orc:2 **[

Portals:
Abyss: Lair:5 Swamp:1
Pandemonium: Orc:2

Annotations:
Swamp:1 1 transporter, confidenceinterval's ghost, adept DrHu


Innate Abilities, Weirdness & Mutations

You cannot wear most types of armour.
You are amphibious.
You can wear up to eight rings at the same time.
Your skin changes colour to match your surroundings (Stealth+).
Your rubbery body absorbs attacks. (AC +1, EV +1)
((You are camouflaged when in or above water. (Stealth+)))
You have tentacles for arms and can constrict up to eight enemies at once.
Your mind is very acute. (Int +8, Str/Dex -2)
You are frail. (-10% HP)
You do not regenerate when monsters are visible.


Message History

The glowing orange brain pulsates.
You resist with almost no effort.
The purple very ugly thing is engulfed in freezing vapours.
You see here a book of Displacement.
Okay, then.
The purple very ugly thing is engulfed in freezing vapours.
The vault sentinel enters a dispersal trap!
You blink.
Unknown command.
The cacodemon attacks as you move away! The cacodemon hits you!!
You block the cacodemon's attack.
You block the purple very ugly thing's attack.
The vault sentinel is engulfed in freezing vapours.
Unknown command.
Casting: Iskenderun's Mystic Blast (dangerous; 2% risk of failure)
Confirm with . or Enter, or press ? or * to list all spells.
You erupt in a blast of force!
The mystic blast hits the vault sentinel!
The vault sentinel is moderately wounded.
The vault sentinel is knocked back by the mystic blast.
The vault sentinel slams into the rock wall!
The vault sentinel is heavily wounded.
The mystic blast hits the glowing orange brain!
You kill the glowing orange brain!
Sif Muna accepts your kill.
The mystic blast hits the hell hog!
The hell hog is severely wounded.
The hell hog is knocked back by the mystic blast.
The hell hog slams into the rock wall!
The hell hog is almost dead.
The mystic blast hits the cacodemon!
The cacodemon is moderately wounded.
The cacodemon is knocked back by the mystic blast.
The mystic blast hits the purple very ugly thing!!
The purple very ugly thing is heavily wounded.
The purple very ugly thing is knocked back by the mystic blast.
The spriggan rider hits you from afar with a +0 trident of distortion!!
* * * LOW HITPOINT WARNING * * *
Space warps horribly around you!!
You die...

♣♣....~......................
♣.~~...(...................§.
♣.~~..........###..###.....~~
♣.~~.....###.##=####.##.....~
♣♣...♣♣..#.###.§.##..G#......
♣~..~♣.©#$..i#W#p.#♣.#©.....
♣.~.♣~..##..#.♣#...∩.##....~
♣.~~♣~...#.##ih.###.#.##..♣~
♣....~...##@..2##.#♣..##....
♣~........##..©#..##*##...~.
♣.~~§......#§..##..###....~.
♣♣.~~.~.....#§pu?#.......)..♣
♣.~~~~....###§#.###.........♣
♣.~~~~....#....$. #####....♣~
♣.~.~.♣..##...###. #####...♣.
♣♣...~♣..#.♣.##.#.^...*#...~.
♣♣♣~....##.##..## ####.....


You could see a purple very ugly thing, a cacodemon, a spriggan rider, a hell
hog and a vault sentinel (summoned).

Vanquished Creatures
  A tentacled monstrosity (Swamp:1)
  A tentacled starspawn (Swamp:1)
  The ghost of Bemy the Grappler, a journeyman TrFi of Gozag (Orc:1)
  A bunyip (Swamp:1)
  An ettin (D:15)
  4 vault guards (D:14)
  A rakshasa (D:15)
  6 hydras
  3 ghost crabs
  An ice dragon (D:15)
  2 ogre magi (D:15)
  5 boulder beetles
  A centaur warrior (D:15)
  4 alligators (Swamp:1)
  3 demonspawn (Orc:2)
  7 two-headed ogres
  4 death yaks (Lair:5)
  A tengu warrior (D:14)
  7 orc high priests (Orc:2)
  Urug (D:12)
  3 thrashing horrors (Lair:5)
  7 skeletal warriors (D:13)
  2 skysharks (Lair:5)
  2 goliath frogs (Swamp:1)
  2 glowing orange brains
  3 bog bodies (Swamp:1)
  5 orc knights
  A wizard (D:15)
  2 swamp dragons (Swamp:1)
  A spectral hydra (Lair:3)
  3 deep elf pyromancers
  13 ugly things
  4 orc sorcerers (Orc:2)
  2 wolf spiders
  6 manticores
  A salamander (Lair:3)
  3 cyclopes
  2 oklob plants (Lair:3)
  A worldbinder (Swamp:1)
  14 elephants
  2 smoke demons (Lair:5)
  A rust devil (Orc:2)
  Maurice (Orc:1)
  4 black mambas
  A torpor snail (shapeshifter) (Lair:5)
  13 cane toads
  2 kobold demonologists
  3 gargoyles
  3 rime drakes
  A yaktaur (D:15)
  10 komodo dragons
  An efreet (D:13)
  An ice devil (Orc:2)
  3 ancient zymes (Lair:5)
  A freezing wraith (D:14)
  A queen bee (Lair:3)
  2 trolls
  3 polar bears (Lair:2)
  Grinder (D:5)
  A hornet (D:9)
  6 dream sheep (Lair:5)
  A tyrant leech (Swamp:1)
  30 blink frogs
  A spectral elephant (Lair:3)
  14 slime creatures
  A water elemental (D:12)
  Sigmund (D:6)
  A centaur simulacrum (D:14)
  3 wraiths
  A spriggan (Lair:5)
  A ynoxinul (Lair:5)
  6 basilisks
  24 yaks
  A hog (shapeshifter) (Lair:5)
  9 wyverns
  9 small abominations (Lair:5)
  12 vampire mosquitoes
  2 neqoxecs (Orc:1)
  2 steam dragons
  Menkaure (D:6)
  4 chaos spawn (Lair:5)
  7 wargs
  Edmund (D:3)
  4 swamp worms (Swamp:1)
  An acid dragon (D:14)
  14 water moccasins
  A spectral polar bear (Lair:3)
  37 orc warriors
  An ice beast (D:8)
  A black bear (D:5)
  12 ogres
  5 boggarts (D:15)
  5 centaurs
  12 wolves (Lair:3)
  8 bullfrogs
  4 kobold brigands
  5 scorpions
  3 water moccasin zombies (Ossuary)
  A hornet simulacrum (D:14)
  7 wights
  48 killer bees
  An electric eel (D:12)
  A howler monkey (D:7)
  4 lava snakes
  3 jellies
  4 hounds
  24 orc priests
  A gnoll bouda (D:4)
  2 sleepcaps
  Ijyb (D:3)
  4 iguanas
  21 orc wizards
  2 mummies (Ossuary)
  9 gnolls (D:4)
  6 adders
  A river rat (D:3)
  2 white imps
  3 adder zombies (Ossuary)
  6 worms
  2 dart slugs
  62 orcs
  A ball python (D:2)
  4 endoplasms
  8 giant cockroaches
  9 goblins
  7 hobgoblins
  8 jackals
  8 quokkas
  4 bats
  5 frilled lizards
  4 gnoll zombies (Ossuary)
  9 hobgoblin zombies (Ossuary)
  25 kobolds
  A kobold zombie (Ossuary)
  3 orc skeletons (D:8)
  9 orc zombies
  7 rats
  A bush (Lair:5)
  A lurking horror (Swamp:1)
767 creatures vanquished.

Vanquished Creatures (collateral kills)
  A fire dragon (D:15)
  A hydra (Lair:3)
  A centaur warrior (D:15)
  3 two-headed ogres (D:15)
  A spriggan druid (Swamp:1)
  2 ugly things (D:15)
  A nameless horror (Orc:1)
  A hornet (Swamp:1)
  A spriggan (Swamp:1)
  2 neqoxecs (Orc:1)
  2 wolves (Lair:3)
  A bullfrog (Lair:3)
  4 quasits (Orc:1)
  12 foxfires
33 creatures vanquished.

Vanquished Creatures (others)
  A lava snake (Lair:3)
  1353 foxfires
  45 fungi
  75 plants
  2 starspawn tentacles (Swamp:1)
1476 creatures vanquished.

Grand Total: 2276 creatures vanquished

Notes
Turn   | Place    | Note
-------+----------+-------------------------------------------
     0 | D:1      | Conn the Octopode Fire Elementalist began the quest for the
                  | Orb.
     0 | D:1      | Reached XP level 1. HP: 11/11 MP: 3/3
   360 | D:1      | Reached XP level 2. HP: 17/17 MP: 1/5
   984 | D:2      | Reached XP level 3. HP: 12/21 MP: 1/6
  1887 | D:3      | Reached skill level 3 in Spellcasting
  1887 | D:3      | Reached XP level 4. HP: 27/27 MP: 4/8
  1890 | D:3      | Learned a level 2 spell: Scorch
  1894 | D:3      | Learned a level 3 spell: Inner Flame
  2044 | D:3      | Found a glowing drain.
  2132 | Sewer    | Entered a sewer
  2409 | Sewer    | Noticed a kobold brigand
  2409 | Sewer    | Noticed a kobold brigand
  2415 | Sewer    | Killed a kobold brigand
  2416 | Sewer    | Reached XP level 5. HP: 31/32 MP: 7/10
  2421 | Sewer    | Killed a kobold brigand
  2422 | Sewer    | Reached skill level 4 in Spellcasting
  2422 | Sewer    | Reached XP level 6. HP: 37/37 MP: 4/12
  3156 | D:3      | Noticed Ijyb
  3170 | D:3      | Killed Ijyb
  3461 | D:4      | Noticed Edmund
  3578 | D:3      | Killed Edmund
  3579 | D:3      | Reached XP level 7. HP: 8/42 MP: 6/14
  3784 | D:4      | Reached skill level 5 in Spellcasting
  4011 | D:4      | Found a glowing golden altar of the Shining One.
  4052 | D:4      | Learned a level 4 spell: Flame Wave
  4175 | D:4      | HP: 2/42 [gnoll/+0 club[a gnoll bouda] (7)]
  4426 | D:5      | Entered Level 5 of the Dungeon
  4435 | D:5      | Found Haigheca's Armour Emporium.
  4841 | D:5      | Reached skill level 1 in Shields
  4841 | D:5      | Reached skill level 5 in Fire Magic
  4841 | D:5      | Reached XP level 8. HP: 47/47 MP: 9/16
  4908 | D:5      | Found a radiant altar of Vehumet.
  4958 | D:5      | Noticed Grinder
  4965 | D:5      | Killed Grinder
  4966 | D:5      | Reached skill level 1 in Fighting
  5100 | D:5      | Reached skill level 6 in Spellcasting
  5891 | D:6      | Found a broken altar of Ashenzari.
  5903 | D:6      | Reached skill level 5 in Conjurations
  5997 | D:6      | Reached skill level 1 in Maces & Flails
  6151 | D:6      | Reached XP level 9. HP: 18/53 MP: 4/18
  6225 | D:6      | Noticed Menkaure
  6229 | D:6      | Killed Menkaure
  6375 | D:6      | Reached skill level 7 in Spellcasting
  6377 | D:6      | Found a staircase to the Ecumenical Temple.
  6385 | Temple   | Entered the Ecumenical Temple
  6410 | Temple   | Became a worshipper of Sif Muna the Loreminder
  6715 | D:6      | Noticed Sigmund
  6722 | D:6      | Killed Sigmund
  7438 | D:7      | Learned a level 3 spell: Mephitic Cloud
  7446 | D:7      | Learned a level 7 spell: Summon Hydra
  7488 | D:7      | Reached * piety under Sif Muna
  7489 | D:7      | Reached skill level 1 in Invocations
  7494 | D:7      | Reached skill level 1 in Summonings
  7849 | D:8      | Found a sand-covered staircase.
  7923 | Ossuary  | Entered an ossuary
  8071 | Ossuary  | Reached XP level 10. HP: 54/59 MP: 12/21
  8153 | Ossuary  | Reached ** piety under Sif Muna
  8160 | Ossuary  | Reached skill level 8 in Spellcasting
  8296 | Ossuary  | Identified a scroll of acquirement
  8305 | Ossuary  | Acquired the Vellum of Dynamic Exhumation
  8315 | Ossuary  | Learned a level 5 spell: Fireball
  8810 | D:8      | Found a bloodstained altar of Trog.
  8972 | D:8      | Found a sparkling altar of Nemelex Xobeh.
  8972 | D:8      | Found a shimmering altar of Xom.
  9112 | D:8      | Found a staircase to the Lair.
  9123 | D:8      | Reached *** piety under Sif Muna
  9500 | Lair:1   | Entered Level 1 of the Lair of Beasts
  9678 | Lair:1   | Reached skill level 9 in Spellcasting
  9937 | D:8      | Gained mutation: Your mind is acute. (Int +4, Str/Dex -1)
                  | [potion of mutation]
  9937 | D:8      | Gained mutation: You do not regenerate when monsters are
                  | visible. [potion of mutation]
  9937 | D:8      | Gained mutation: Your mind is very acute. (Int +8, Str/Dex
                  | -2) [potion of mutation]
 10092 | Lair:1   | Noticed a cane toad
 10096 | Lair:1   | Noticed a cane toad
 10098 | Lair:1   | Noticed a cane toad
 10099 | Lair:1   | Noticed a cane toad
 10106 | Lair:1   | Killed a cane toad
 10113 | Lair:1   | Killed a cane toad
 10114 | Lair:1   | Reached XP level 11. HP: 58/64 MP: 2/24
 10189 | Lair:1   | Reached skill level 1 in Hexes
 10521 | Lair:1   | Reached skill level 5 in Shields
 10524 | Lair:1   | Reached skill level 10 in Spellcasting
 10739 | Lair:1   | Acquired the ring "Wadaxzet" {rElec rF+ MP+9}
 11764 | Lair:2   | Found a burning altar of Makhleb.
 12289 | Lair:2   | Noticed a seven-headed hydra
 12294 | Lair:2   | Killed a seven-headed hydra
 12295 | Lair:2   | Reached skill level 5 in Invocations
 12550 | Lair:2   | Identified the +5 short sword of Roishag {venom, rPois
                  | Str+3 Dex+3}
 12632 | Lair:2   | Reached XP level 12. HP: 61/70 MP: 20/26
 12654 | Lair:2   | Reached skill level 11 in Spellcasting
 13531 | Lair:3   | Learned a level 4 spell: Iskenderun's Mystic Blast
 13602 | Lair:3   | Reached **** piety under Sif Muna
 13604 | Lair:3   | HP: 3/70 [elephant (5)]
 13845 | Lair:2   | Learned a level 5 spell: Summon Forest
 13849 | Lair:3   | Noticed a six-headed hydra
 13857 | Lair:3   | Killed a six-headed hydra
 13858 | Lair:3   | Reached skill level 5 in Summonings
 13863 | Lair:3   | Reached skill level 5 in Stealth
 13869 | Lair:3   | Noticed a five-headed hydra
 14126 | Lair:3   | Killed a five-headed hydra
 14127 | Lair:3   | Reached skill level 1 in Short Blades
 14396 | Lair:3   | Reached skill level 12 in Spellcasting
 14747 | Lair:3   | Found a staircase to the Snake Pit.
 14769 | Lair:3   | Reached XP level 13. HP: 29/75 MP: 11/29
 15040 | Lair:3   | Reached skill level 1 in Poison Magic
 15168 | Lair:3   | Reached ***** piety under Sif Muna
 15273 | Lair:3   | Received a gift from Sif Muna
 15288 | Lair:3   | Reached skill level 1 in Air Magic
 15472 | Lair:3   | Got Sif Muna's Grimoire of Unified Alteration {god gift}
 16019 | Lair:3   | Found a staircase to the Swamp.
 16378 | Lair:4   | Found a staircase to the Slime Pits.
 16379 | Lair:4   | Found a viscous altar of Jiyva.
 17694 | Lair:5   | Entered Level 5 of the Lair of Beasts
 17728 | Lair:5   | Reached skill level 10 in Fire Magic
 17861 | Lair:5   | Reached skill level 1 in Translocations
 18665 | Lair:5   | Reached XP level 14. HP: 81/81 MP: 28/30
 18896 | Lair:5   | Reached skill level 13 in Spellcasting
 19665 | Lair:5   | Found a one-way gate to the infinite horrors of the Abyss.
 19665 | Lair:5   | Found a corrupted altar of Lugonu.
 20281 | Swamp:1  | Entered Level 1 of the Swamp
 20497 | Swamp:1  | Noticed a tentacled monstrosity
 21225 | D:9      | Found a basalt altar of Yredelemnul.
 21818 | D:10     | Entered Level 10 of the Dungeon
 22331 | D:10     | Found a burning altar of Makhleb.
 22333 | D:10     | Found a sacrificial altar of Ru.
 22335 | D:10     | Found a stormy altar of Qazlal.
 22336 | D:10     | Found an opulent altar of Gozag.
 22337 | D:10     | Found a glowing silver altar of Zin.
 22338 | D:10     | Found a snail-covered altar of Cheibriados.
 22338 | D:10     | Found an ancient bone altar of Kikubaaqudgha.
 22341 | D:10     | Found a white marble altar of Elyvilon.
 22344 | D:10     | Found an ornate altar of the Wu Jian Council.
 22892 | D:11     | Found an opulent altar of Gozag.
 23529 | D:12     | Found a staircase to the Orcish Mines.
 23535 | Orc:1    | Entered Level 1 of the Orcish Mines
 23537 | Orc:1    | Noticed Maurice
 23544 | Orc:1    | Killed Maurice
 23567 | Orc:1    | Received a gift from Sif Muna
 23575 | Orc:1    | Got Sif Muna's Notes on the Harmful Adder {god gift}
 23793 | Orc:1    | Found a transporter.
 23831 | Orc:1    | Found a transporter.
 23953 | Orc:1    | Noticed Bemy's ghost (journeyman TrFi)
 24129 | Orc:1    | Found Kailyina's Book Emporium.
 24300 | Orc:1    | Killed Bemy's ghost
 24311 | Orc:1    | Identified the +1 whip "Vyiroweo" {pain, rN+ Str+7}
 24477 | Orc:2    | Entered Level 2 of the Orcish Mines
 25243 | Orc:2    | Reached XP level 15. HP: 80/87 MP: 19/32
 25333 | Orc:2    | Found Hoaphesk's General Store.
 25335 | Orc:2    | Found Hyff's General Store.
 25343 | Orc:2    | Received a gift from Sif Muna
 26521 | Orc:2    | Learned a level 5 spell: Freezing Cloud
 26534 | Orc:2    | Found Razuthru's Antique Armour Shop.
 26534 | Orc:2    | Found a one-way gate leading to the halls of Pandemonium.
 26534 | Orc:2    | Found Neag's Jewellery Boutique.
 26576 | Orc:2    | Found a staircase to the Elven Halls.
 27546 | D:12     | Noticed Urug
 27548 | D:12     | Reached skill level 1 in Ice Magic
 27576 | D:12     | Killed Urug
 27732 | D:12     | Received a gift from Sif Muna
 27736 | D:12     | Got Sif Muna's Elucidation of Warped Aeromancy {god gift}
 29037 | D:13     | Found Vum Kere's Weapon Emporium.
 29324 | D:13     | Reached skill level 14 in Spellcasting
 30132 | D:15     | Entered Level 15 of the Dungeon
 30462 | D:14     | Reached XP level 16. HP: 93/93 MP: 34/34
 30653 | D:14     | Found a gate to the Vaults.
 30920 | D:14     | Found Ypnabbo's Assorted Antiques.
 30924 | D:14     | Bought a potion of curing for 60 gold pieces
 30924 | D:14     | Bought 3 scrolls of fear for 240 gold pieces
 31725 | D:15     | Received a gift from Sif Muna
 32293 | D:15     | Reached skill level 10 in Invocations
 32830 | D:15     | Found a blossoming altar of Fedhas.
 33044 | D:15     | Identified the staff of poison "Ylecaa" {rPois Str+2 Int+2
                  | Dex+3}
 33044 | D:15     | Identified the +6 war axe of Courage {freeze, rF+}
 33044 | D:15     | Identified the +5 fire dragon scales of the Dropbear {rPois
                  | rF++ rC- Dex+3 Stlth+}
 33124 | D:15     | Learned a level 3 spell: Hailstorm
 33922 | Swamp:1  | Found a transporter.
 33947 | Swamp:1  | Noticed a tentacled starspawn
 33963 | Swamp:1  | Found a transporter.
 33966 | Swamp:1  | Reached skill level 5 in Ice Magic
 34103 | Swamp:1  | Killed a tentacled monstrosity
 34543 | Swamp:1  | Gained mutation: You are frail. (-10% HP) [a cacodemon]
 34546 | Swamp:1  | Noticed confidenceinterval's ghost (adept DrHu)
 34547 | Swamp:1  | Reached skill level 10 in Conjurations
 34547 | Swamp:1  | Killed a tentacled starspawn
 34552 | Swamp:1  | Slain by a spriggan rider

Illustrated notes

Levels and vault maps discovered:
D:1:      dpeg_arrival_shelter, layout_loops_ring
D:2:      layout_rooms
D:3:      layout_basic, serial_bayou, serial_bayou_shore_a, serial_bayou_lake_a,
          serial_bayou_pond_b, serial_bayou_pond_b, serial_bayou_shore_b,
          serial_bayou_ford_a, gup_sewer_entry_bubbles, uniq_ijyb
D:4:      layout_basic, nicolae_tso_carved_into_rock, uniq_edmund
D:5:      layout_loops_corners, vehumet_crystals, serial_rivers,
          chequers_serial_rivers_large_a, chequers_serial_rivers_large_b,
          chequers_serial_rivers_micro_c, chequers_serial_rivers_micro_e,
          chequers_serial_rivers_micro_a, chequers_serial_rivers_room_b,
          nicolae_stop_n_shop_1, nicolae_concentric_dashed_squares_wild,
          hangedman_decor_lopped, uniq_grinder
D:6:      layout_loops_ring, lemuel_tele_altar, minmay_temple_entry_wispy,
          uniq_sigmund, uniq_menkaure
D:7:      layout_basic
D:8:      layout_basic, trog_butcher_becter,
          chequers_temple_overflow_statue_of_worship, erik_lair_orcish_takeover,
          nicolae_ossuary_entry_catacombs
D:9:      layout_loops_corners, mainiacjoe_overflow_catwalk
D:10:     layout_cave_pods, nicolae_overflow_hallway_of_the_gods
D:11:     layout_basic, grunt_gozag_statues
D:12:     layout_stronghold, orc_0_dummy, nooodl_orcs_dogs, uniq_urug
D:13:     layout_rooms, serial_shops, nicolae_shop_rolling_square,
          grunt_decor_junction
D:14:     layout_loops_ring, lightli_vaults_fourway_checkpoint,
          infiniplex_staircase_star, serial_shops,
          nicolae_shop_pleasant_corner_grove
D:15:     gammafunk_enter_depths_forms, layout_irregular_city, fedhas_altar_2,
          minmay_the_grid_2x2 [minmay_the_grid_minigrid_small_alt,
          minmay_the_grid_eight, minmay_the_grid_x,
          minmay_the_grid_prize_shrinking_boxes]
Temple:   corrupted_temple
Lair:1:   layout_cave_pods, beast_lair_carwin_3, grunt_megastairs_2
Lair:2:   layout_loops_ring, basic_altar, infiniplex_staircase_pool_2,
          grunt_megastairs_3, serial_bayou_shore_b
Lair:3:   regret_index_harrowing_hell_hive, layout_long_grid,
          nicolae_swamp_entry_spooky, nicolae_snake_entry_warm_welcome,
          nicolae_lair_run_with_the_wolves, grunt_megastairs_1,
          serial_bayou_shore_b, lemuel_fruit_fields, lemuel_fruit_tree
Lair:4:   layout_cave_pods, slime_entry_1, grunt_megastairs_4
Lair:5:   hellmonk_lair_end_abyssal_woods, layout_loops_ring,
          lemuel_fruit_fields, lemuel_fruit_fields
Swamp:1:  layout_basic_swamp, gammafunk_ghost_abyssal_escape,
          evilmike_swamp_ruin_rubble_2
Orc:1:    layout_caves, gammafunk_ghost_stat_death, serial_shops,
          nicolae_shop_peninsula, uniq_maurice
Orc:2:    pf_orc_diabolical, layout_diamond_mine

Skill      XL: |  1  2  3  4  5  6  7  8  9 10 11 12 13 14 15 16 |
---------------+-------------------------------------------------+-----
Stealth        | 3 4 5 6 |  6.0
Spellcasting   | 3 4 5 6 7 9 10 12 13 14 | 14.9
Conjurations   | 2 3 4 5 6 7 8 9 10 | 10.0
Fire Magic     | 4 5 6 7 8 9 10 11 12 | 12.3
Shields        | 1 2 3 4 5 6 8 9 |  9.8
Fighting       | 1 2 3 |  3.2
Maces & Flails | 1 2 |  2.8
Dodging        | 3 4 |  4.9
Invocations    | 2 3 5 6 7 8 9 10 | 10.1
Summonings     | 2 3 4 5 6 7 8 9 |  9.5
Hexes          | 1 2 |  2.2
Short Blades   | 1 2 |  2.0
Poison Magic   | 2 4 |  4.4
Air Magic      | 3 4 |  4.2
Translocations | 1 3 4 |  4.7
Ice Magic      | 3 5 |  5.2
Staves         | |  0.3
Throwing       | |  0.8
Unarmed Combat | |  0.2
Evocations     | |  0.3

Action                     |  1- 3 |  4- 6 |  7- 9 | 10-12 | 13-15 | 16-18 || total
---------------------------+-------+-------+-------+-------+-------+-------++-------
  Melee: Unarmed           |    16 |       |       |       |       |       ||    16
         Constrict         |     5 |     7 |    19 |    11 |    48 |     5 ||    95
         Dagger            |       |    12 |       |       |       |       ||    12
         Tentacles         |       |     6 |    16 |     9 |    75 |    17 ||   123
         Whip              |       |     8 |       |       |       |       ||     8
         Flail             |       |       |    61 |    20 |       |       ||    81
         Short sword       |       |       |       |    23 |   197 |    28 ||   248
         Punch             |       |       |       |       |     3 |     1 ||     4
         Staff             |       |       |       |       |       |     8 ||     8
  Throw: Dart              |       |     7 |     4 |     3 |     5 |       ||    19
   Cast: Foxfire           |    87 |    81 |    93 |   164 |   336 |    36 ||   797
         Scorch            |       |     8 |    42 |    87 |   161 |    32 ||   330
         Inner Flame       |       |       |     8 |    14 |    38 |     6 ||    66
         Flame Wave        |       |       |     9 |    38 |    70 |    12 ||   129
         Mephitic Cloud    |       |       |     2 |    14 |    23 |     9 ||    48
         Fireball          |       |       |       |    11 |   116 |    44 ||   171
         Iskenderun's Myst |       |       |       |     5 |    56 |    39 ||   100
         Summon Forest     |       |       |       |     1 |     2 |     5 ||     8
         Freezing Cloud    |       |       |       |       |     1 |     1 ||     2
         Hailstorm         |       |       |       |       |       |     1 ||     1
 Invoke: Channel Magic     |       |       |       |     1 |     8 |     3 ||    12
  Evoke: Wand              |       |       |     4 |     2 |     3 |     1 ||    10
    Use: Potion            |       |     4 |       |     9 |     7 |       ||    20
         Scroll            |       |       |       |    29 |    10 |     4 ||    43
   Stab: Sleeping          |     1 |     1 |     6 |     1 |     6 |       ||    15
         Confused          |       |       |       |     1 |     5 |     2 ||     8
         Distracted        |       |       |       |       |     2 |       ||     2
 Armour: Skin              |     5 |     2 |    28 |     5 |     6 |     5 ||    51
  Dodge: Dodged            |    22 |    15 |    61 |   139 |   147 |    23 ||   407
  Block: Tower shield      |       |       |       |       |   294 |   112 ||   406

Table legend: (Time is in decaauts)
 A = Elapsed time spent in this place.
 B = Non-inter-level travel time spent in this place.
 C = Inter-level travel time spent in this place.
 D = Time resting spent in this place.
 E = Time spent auto-exploring this place.
 F = Levels seen in this place.
 G = Mean time per level.
                   A        B        C        D        E       F      G
               +--------+--------+--------+--------+--------+-----+--------+
         Total |  34632 |  33563 |   1069 |   3672 |  22487 |  26 | 1332.0 |
       Dungeon |  18553 |  17966 |    587 |   1662 |  12523 |  15 | 1236.9 |
        Temple |     43 |     43 |      0 |      0 |      0 |   1 |   43.0 |
          Lair |  10817 |  10441 |    376 |   1336 |   7049 |   5 | 2163.4 |
         Swamp |   1224 |   1206 |     18 |    190 |    731 |   1 | 1224.0 |
  Orcish Mines |   3168 |   3081 |     87 |    340 |   1790 |   2 | 1584.0 |
         Sewer |    429 |    429 |      0 |      0 |    282 |   1 |  429.0 |
       Ossuary |    395 |    395 |      0 |    144 |    112 |   1 |  395.0 |
               +--------+--------+--------+--------+--------+-----+--------+

Top non-repeatable levels by time:
  Lair:3: 2896 daAuts
   Orc:2: 2370 daAuts
  Lair:5: 2259 daAuts
  Lair:2: 2050 daAuts
    D:15: 1962 daAuts
  Lair:1: 1836 daAuts
     D:8: 1815 daAuts
  Lair:4: 1774 daAuts
    D:12: 1739 daAuts
    D:13: 1514 daAuts
    D:14: 1490 daAuts
     D:5: 1471 daAuts
     D:3: 1383 daAuts
 Swamp:1: 1224 daAuts
     D:9: 1172 daAuts
